 Dungeon Sprint DCSS version 0.29-a0-676-ga64570c9d2 (webtiles) character file.

Game seed: 10305463909326851542

58493 mhtbhm the Ninja (level 14, -11/72 HPs)
             Began as a Spriggan Enchanter on June 25, 2022.
             Was the Champion of Dithmenos.
             Mangled by an ironbound convoker
             ... wielding a +0 flail
              (34 damage)
             ... in the Dungeon (Sprint IX: "|||||||||||||||||||||||||||||").
             The game lasted 00:27:05 (8774 turns).

mhtbhm the Ninja (Spriggan Enchanter)               Turns: 8774, Time: 00:27:06

Health: -11/72     AC:  6    Str: 10    XL:     14   Next: 49%
Magic:  24/39      EV: 28    Int: 17    God:    Dithmenos [******]
Gold:   283        SH:  0    Dex: 20    Spells: 16/54 levels left

rFire   + . .      SeeInvis +   a - +2 rapier (venom)
rCold   . . .      Faith    .   (no shield)
rNeg    . . .      Spirit   .   b - +2 robe {rF+}
rPois   .          Reflect  .   (helmet restricted)
rElec   .          Harm     .   (no cloak)
rCorr   .          Rampage  .   (gloves unavailable)
Will    ++...      NoTele   +   (boots unavailable) Stlth *********+
                                (no amulet)
HPRegen 0.22/turn               t - +6 ring of strength
MPRegen 0.26/turn               k - +2 ring of protection

@: confusing by touch, frozen, wreathed by umbra, quick
A: very small, no large weapons, unfitting armour, see invisible, speed 3
a: Renounce Religion, Shadow Step, Shadow Form


You were in the Dungeon.
You worshipped Dithmenos.
Dithmenos was exalted by your worship.
You visited 1 branch You collected 1931 gold pieces.
You spent 1648 gold pieces at shops.

Inventory:

Hand Weapons
 a - a +2 rapier of venom (weapon)
Missiles
 r - 2 curare-tipped darts (quivered)
Armour
 b - a +2 robe of fire resistance (worn)
 j - the +0 robe of the Raven {rN+ Dex+2}
   (You found it in the Dungeon)

   Dex:       It affects your dexterity (+2).
   rN:        It protects you from negative energy.
Jewellery
 k - a +2 ring of protection (right hand)
 t - a +6 ring of strength (left hand)
 u - a ring of poison resistance
 v - a ring of protection from fire
Wands
 h - a wand of iceblast (1)
 s - a wand of paralysis (10)
 x - a wand of mindburst (17)
Scrolls
 f - 2 scrolls of amnesia
 i - 3 scrolls of blinking
 o - 2 scrolls of fog
 p - 4 scrolls of enchant armour
 q - 5 scrolls of identify
 w - 2 scrolls of enchant weapon
Potions
 c - 3 potions of invisibility
 d - 2 potions of heal wounds
 e - 3 potions of curing
 g - 4 potions of magic
 l - a potion of resistance
 m - a potion of brilliance
 n - a potion of mutation
 z - a potion of ambrosia {unknown}


   Skills:
 + Level 7.1 Fighting
 + Level 14.3 Short Blades
 + Level 0.8 Throwing
 + Level 12.9 Dodging
 O Level 27 Stealth
 + Level 20.7 Spellcasting
 + Level 3.8 Conjurations
 + Level 20.1 Hexes
 + Level 2.6 Translocations
 + Level 10.8 Ice Magic
 + Level 1.5 Air Magic
 + Level 2.0 Poison Magic
 * Level 18.4 Invocations
 + Level 5.3 Evocations


You had 16 spell levels left.
You knew the following spells:

 Your Spells              Type           Power      Damage    Failure   Level
a - Confusing Touch       Hex            72%        N/A       0%          3
b - Tukima's Dance        Hex            72%        N/A       0%          3
c - Ensorcelled Hibernat  Hex/Ice        100%       N/A       0%          2
d - Dazzling Flash        Conj/Hex       100%       N/A       1%          3
e - Blink                 Tloc           52%        N/A       1%          2
f - Mephitic Cloud        Conj/Pois/Air  25%        N/A       3%          3
g - Gell's Gravitas       Tloc           26%        N/A       2%          3
h - Teleport Other        Tloc           26%        N/A       2%          3
i - Manifold Assault      Tloc           26%        N/A       26%         5
j - Dispersal             Tloc           13%        N/A       82%         6
k - Freeze                Ice            100%       1d11      1%          1
l - Hailstorm             Conj/Ice       42%        3d10      1%          4

Your spell library contained the following spells:

 Spells                   Type           Power      Damage    Failure   Level
 Magic Dart               Conj           100%       1d8       1%          1
 Frozen Ramparts          Ice            100%       1d12      1%          3
 Call Imp                 Summ           17%        N/A       4%          2
 Storm Form               Tmut/Air       10%        N/A       100%        7


Dungeon Overview and Level Annotations

Branches:
Dungeon (1/1)

Altars:
Cheibriados
Dithmenos
Elyvilon
Fedhas
Gozag
Hepliaklqana
Kikubaaqudgha
Makhleb
Nemelex Xobeh
Okawaru
Qazlal
Ru
Sif Muna
Trog
Uskayaw
Vehumet
Wu Jian
Xom
Yredelemnul
Zin
The Shining One
Beogh
Jiyva
Lugonu

Shops:
D ((!:


Innate Abilities, Weirdness & Mutations

You are very small and have problems with some larger weapons.
You are too small for most types of armour.
You have supernaturally acute eyesight. (SInv)
You cover ground extremely quickly. (Speed+++)


Message History

Confirm with . or Enter, or press ? or * to list all spells.
Your hands begin to glow red.
The wizard casts a spell at you. You resist with almost no effort.
You hit the wizard but do no damage.
Your shadow hits the wizard with a rapier.
You hit the wizard but do no damage.
The wizard appears confused.
The wizard is lightly wounded.
The wizard hits itself with a +0 dagger.
The ironbound convoker gestures at the vault sentinel while chanting.
The vault sentinel seems to grow stronger.
You catch the helpless wizard completely off-guard!
You stick the wizard like a pincushion!!!!
You kill the wizard!
Dithmenos accepts your kill.
An ironbound frostheart comes into view.
The ironbound convoker hits you with a +0 flail!
The ironbound frostheart calls freezing cold from the walls.
The frost grips you!
You emit a cloud of dark smoke.
You are encased in ice.
The ironbound frostheart moves out of view.
Things that are here:
a +0 dagger; a +0 robe
Casting: Confusing Touch (safe; 0% risk of failure)
Confirm with . or Enter, or press ? or * to list all spells.
Your hands begin to glow red.
The ironbound convoker misses you.
You hit the ironbound convoker but do no damage.
You punch the ironbound convoker.
The ironbound convoker is lightly wounded.
Your shadow barely misses the ironbound convoker.
You barely miss the ironbound convoker.
The ironbound convoker is lightly wounded.
The ironbound convoker hits you with a +0 flail!!
You emit a cloud of dark smoke.
You hit the ironbound convoker but do no damage.
The ironbound convoker is lightly wounded.
You hit the ironbound convoker but do no damage.
The ironbound convoker is lightly wounded.
The ironbound convoker hits you with a +0 flail!!
You die...

▓.▓.▓.▓.▓)▓.▓'▓.▓.
▓)▓.▓.▓.▓.▓.▓)▓.▓†
▓.▓.▓.▓.▓'▓.▓)▓.▓†
▓.▓.▓.▓.▓(▓.▓)▓.▓.
▓)▓.▓.▓.▓)▓.▓)▓.▓.
▓.▓.♣'♣.▓.▓.▓)▓.▓.
▓§▓.♣[♣.▓.▓.▓∩▓.▓.
▓§▓.♣.♣.▓.▓.▓)▓.▓.
▓@▓.♣.♣.▓.▓.▓∩▓.▓.
▓p▓.♣.♣.▓.▓.▓)▓.▓.
▓p▓.♣.♣.▓.▓.▓∩▓.▓)
▓p▓.♣.♣.▓.▓.▓.▓)▓)
▓J▓.♣.♣.▓.▓.▓∩▓.▓.
▓p▓.♣.♣.▓.▓.▓)▓.▓[
▓p▓.♣.♣.▓.▓.▓)▓.▓'
▓p▓.▓[▓.▓.▓.▓)▓.▓.
▓.▓.▓)▓.▓.▓)▓.▓.


You could see 2 ironbound convokers.

Vanquished Creatures
  Saint Roka (D)
  Donald (D)
  A sphinx (D)
  A vault warden (D)
  2 fire giants (D)
  3 very ugly things (D)
  2 ironbound preservers (D)
  2 vampire knights (D)
  3 stone giants (D)
  A broodmother (D)
  An eleionoma (D)
  A bunyip (D)
  A dire elephant (D)
  A fire dragon (D)
  2 ettins (D)
  A merfolk impaler (D)
  A boulder beetle (D)
  An ice dragon (D)
  A merfolk avatar (D)
  A spriggan air mage (D)
  Erica (D)
  A ghost crab (D)
  4 hydras (D)
  A jorogumo (D)
  A radroach (D)
  2 centaur warriors (D)
  An alligator (D)
  2 tengu warriors (D)
  An orc high priest (D)
  A vampire mage (D)
  3 naga sharpshooters (D)
  A spriggan berserker (D)
  A two-headed ogre (D)
  Sonja (D)
  A salamander mystic (D)
  A pharaoh ant (D)
  A swamp dragon (D)
  An orb spider (D)
  A naga ritualist (D)
  A glowing orange brain (D)
  4 wizards (D)
  A deep elf pyromancer (D)
  A lindwurm (D)
  3 orc knights (D)
  2 ironbound convokers (D)
  2 necromancers (D)
  2 ugly things (D)
  A harpy (D)
  2 manticores (D)
  2 will-o-the-wisps (D)
  Joseph (D)
  An elephant (D)
  A moth of wrath (D)
  A cyclops (D)
  A water nymph (D)
  A merfolk siren (D)
  3 black mambas (D)
  2 naga magi (D)
  A cane toad (D)
  An unseen horror (D)
  2 rime drakes (D)
  A kobold demonologist (D)
  A freezing wraith (D)
  A komodo dragon (D)
  A troll (D)
  2 merfolk (D)
  A tengu conjurer (D)
  A tyrant leech (D)
  3 polar bears (D)
  2 slime creatures (D)
  A wind drake (D)
  A blink frog (D)
  A culicivora (D)
  A wraith (D)
  2 yaks (D)
  Eustachio (D)
  A basilisk (D)
  A steam dragon (D)
  A vampire mosquito (D)
  2 redbacks (D)
  2 water moccasins (D)
  23 orc warriors (D)
  5 black bears (D)
  A wolf (D)
  An ogre (D)
  A centaur (D)
  4 bullfrogs (D)
  A howler monkey (D)
  3 orc priests (D)
  A hound (D)
  2 orc wizards (D)
  An adder (D)
  13 orcs (D)
  A hobgoblin (D)
  A ball python (D)
  A bat (D)
  A bat simulacrum (D)
  2 kobolds (D)
  A quokka simulacrum (D)
180 creatures vanquished.

Vanquished Creatures (others)
  3 foxfires (D)
3 creatures vanquished.

Grand Total: 183 creatures vanquished

Notes
Turn   | Place    | Note
-------+----------+-------------------------------------------
     0 | D        | mhtbhm the Spriggan Enchanter began the quest for the Orb.
     0 | D        | Reached XP level 1. HP: 9/9 MP: 5/5
    17 | D        | Reached skill level 5 in Stealth
   140 | D        | Noticed an orc wizard
   140 | D        | Noticed a hound
   140 | D        | Noticed an ogre
   151 | D        | Killed an orc wizard
   152 | D        | Reached skill level 6 in Stealth
   152 | D        | Reached skill level 5 in Hexes
   152 | D        | Reached XP level 2. HP: 6/13 MP: 5/7
   152 | D        | Reached XP level 3. HP: 8/16 MP: 6/9
   159 | D        | Reached skill level 7 in Stealth
   160 | D        | Reached skill level 8 in Stealth
   160 | D        | Reached XP level 4. HP: 6/21 MP: 7/11
   178 | D        | Learned a level 3 spell: Confusing Touch
   182 | D        | Killed an ogre
   183 | D        | Reached skill level 5 in Dodging
   183 | D        | Reached skill level 9 in Stealth
   183 | D        | Reached XP level 5. HP: 25/25 MP: 7/13
   221 | D        | Learned a level 3 spell: Tukima's Dance
   224 | D        | Learned a level 2 spell: Ensorcelled Hibernation
   228 | D        | Learned a level 3 spell: Dazzling Flash
   241 | D        | Found a snail-covered altar of Cheibriados.
   241 | D        | Found a shadowy altar of Dithmenos.
   241 | D        | Found a white marble altar of Elyvilon.
   241 | D        | Found a blossoming altar of Fedhas.
   241 | D        | Found an opulent altar of Gozag.
   242 | D        | Found a hazy altar of Hepliaklqana.
   243 | D        | Found a viscous altar of Jiyva.
   244 | D        | Found an ancient bone altar of Kikubaaqudgha.
   245 | D        | Found a corrupted altar of Lugonu.
   246 | D        | Found a burning altar of Makhleb.
   247 | D        | Found a sparkling altar of Nemelex Xobeh.
   248 | D        | Found an iron altar of Okawaru.
   251 | D        | Found a stormy altar of Qazlal.
   252 | D        | Found a sacrificial altar of Ru.
   253 | D        | Found a shimmering blue altar of Sif Muna.
   254 | D        | Found a bloodstained altar of Trog.
   255 | D        | Found a hide-covered altar of Uskayaw.
   256 | D        | Found a radiant altar of Vehumet.
   259 | D        | Found an ornate altar of the Wu Jian Council.
   260 | D        | Found a shimmering altar of Xom.
   261 | D        | Found a basalt altar of Yredelemnul.
   262 | D        | Found a glowing silver altar of Zin.
   263 | D        | Found a glowing golden altar of the Shining One.
   298 | D        | Became a worshipper of Dithmenos the Shadowed
   343 | D        | Noticed an unseen horror
   343 | D        | Noticed a yak
   343 | D        | Noticed a kobold demonologist
   343 | D        | Noticed a centaur
   343 | D        | Noticed a vampire mosquito
   345 | D        | Killed an unseen horror
   346 | D        | Reached skill level 1 in Fighting
   346 | D        | Reached skill level 5 in Short Blades
   346 | D        | Reached skill level 11 in Stealth
   346 | D        | Reached XP level 6. HP: 30/30 MP: 12/16
   349 | D        | Reached skill level 12 in Stealth
   351 | D        | Killed a yak
   351 | D        | Reached * piety under Dithmenos
   352 | D        | Reached skill level 10 in Hexes
   352 | D        | Reached skill level 5 in Invocations
   352 | D        | Reached XP level 7. HP: 34/34 MP: 5/18
   354 | D        | Noticed an orange demon
   359 | D        | Killed a kobold demonologist
   360 | D        | Reached skill level 13 in Stealth
   360 | D        | Reached skill level 1 in Ice Magic
   735 | D        | Killed a vampire mosquito
   735 | D        | Reached ** piety under Dithmenos
   736 | D        | Reached XP level 8. HP: 32/39 MP: 16/20
   800 | D        | Noticed a cyclops
   800 | D        | Noticed a seven-headed hydra
   800 | D        | Noticed a tengu warrior
   800 | D        | Noticed a two-headed ogre
   800 | D        | Noticed a tengu conjurer
   803 | D        | Killed a cyclops
   804 | D        | Reached skill level 14 in Stealth
   833 | D        | Killed a seven-headed hydra
   834 | D        | Reached skill level 15 in Stealth
   834 | D        | Reached XP level 9. HP: 7/44 MP: 15/22
   834 | D        | Killed a tengu warrior
   834 | D        | Reached *** piety under Dithmenos
   973 | D        | Killed a two-headed ogre
   974 | D        | Reached skill level 10 in Dodging
   974 | D        | Reached skill level 16 in Stealth
   974 | D        | Reached skill level 1 in Conjurations
  1007 | D        | Killed a tengu conjurer
  1232 | D        | Noticed an eight-headed hydra
  1232 | D        | Noticed a komodo dragon
  1232 | D        | Noticed a cane toad
  1234 | D        | Reached **** piety under Dithmenos
  1252 | D        | Killed an eight-headed hydra
  1253 | D        | Reached skill level 10 in Spellcasting
  1253 | D        | Reached skill level 5 in Evocations
  1253 | D        | Reached XP level 10. HP: 48/49 MP: 13/25
  1262 | D        | Reached skill level 17 in Stealth
  1262 | D        | Reached skill level 10 in Invocations
  1263 | D        | Killed a cane toad
  1287 | D        | Reached ***** piety under Dithmenos
  1434 | D        | Noticed an elephant
  1434 | D        | Noticed a black mamba
  1436 | D        | Killed an elephant
  1440 | D        | Killed a black mamba
  1441 | D        | Reached skill level 18 in Stealth
  1462 | D        | Reached ****** piety under Dithmenos
  1643 | D        | Reached skill level 19 in Stealth
  1661 | D        | Reached skill level 10 in Short Blades
  1661 | D        | Reached XP level 11. HP: 49/53 MP: 14/27
  1812 | D        | Noticed Sonja
  1819 | D        | Killed Sonja
  1820 | D        | Reached skill level 5 in Ice Magic
  1855 | D        | Noticed Eustachio
  1856 | D        | Noticed Erica
  1863 | D        | Killed Eustachio
  1865 | D        | Killed Erica
  1866 | D        | Reached skill level 20 in Stealth
  2156 | D        | Noticed an orc high priest
  2166 | D        | Killed an orc high priest
  2453 | D        | Found Wioreeh's Antique Weapon Emporium.
  2453 | D        | Noticed an orc knight
  2454 | D        | Noticed an orc knight
  2456 | D        | Found Tipul's Weapon Shoppe.
  2457 | D        | Killed an orc knight
  2458 | D        | Reached skill level 21 in Stealth
  2460 | D        | Found Rogeenea's Distillery.
  2462 | D        | Reached skill level 15 in Hexes
  2462 | D        | Noticed an orc knight
  2464 | D        | Found Rerhoch's Book Shoppe.
  2466 | D        | Killed an orc knight
  2472 | D        | Killed an orc knight
  2530 | D        | Bought an Inescapable Atlas for 476 gold pieces
  2532 | D        | Bought a potion of berserk rage for 60 gold pieces
  2532 | D        | Bought a potion of curing for 36 gold pieces
  2532 | D        | Bought a potion of invisibility for 96 gold pieces
  2542 | D        | Bought a book of Minor Magic for 252 gold pieces
  2542 | D        | Bought a There-And-Back Book for 420 gold pieces
  2542 | D        | Bought a book of Frost for 308 gold pieces
  2545 | D        | Learned a level 2 spell: Blink
  2549 | D        | Learned a level 3 spell: Mephitic Cloud
  2553 | D        | Learned a level 3 spell: Gell's Gravitas
  2557 | D        | Learned a level 3 spell: Teleport Other
  2563 | D        | Learned a level 5 spell: Manifold Assault
  2570 | D        | Learned a level 6 spell: Dispersal
  2699 | D        | Got the +0 robe of the Raven {rN+ Dex+2}
  2722 | D        | Noticed a deep elf pyromancer
  2722 | D        | Noticed a green ugly thing
  2722 | D        | Noticed a seven-headed hydra
  2722 | D        | Noticed a centaur warrior
  2723 | D        | Noticed a centaur warrior
  2724 | D        | Killed a deep elf pyromancer
  2725 | D        | Reached skill level 22 in Stealth
  2727 | D        | Noticed a white ugly thing
  2890 | D        | Killed a green ugly thing
  2909 | D        | Killed a seven-headed hydra
  2910 | D        | Reached skill level 1 in Translocations
  2914 | D        | Killed a centaur warrior
  2915 | D        | Reached XP level 12. HP: 34/58 MP: 9/30
  2917 | D        | Killed a centaur warrior
  3085 | D        | Reached skill level 23 in Stealth
  3142 | D        | Noticed a sphinx
  3151 | D        | Noticed an ettin
  3157 | D        | Killed a sphinx
  3165 | D        | Killed an ettin
  3186 | D        | Noticed a purple very ugly thing
  3190 | D        | Killed a purple very ugly thing
  3191 | D        | Noticed a stone giant
  3242 | D        | Noticed a stone giant
  3288 | D        | Killed a stone giant
  3503 | D        | Killed a stone giant
  3504 | D        | Reached skill level 24 in Stealth
  3504 | D        | Reached skill level 15 in Spellcasting
  3575 | D        | Noticed Joseph
  3586 | D        | Killed Joseph
  3640 | D        | Noticed Donald
  3678 | D        | Killed Donald
  3865 | D        | Noticed a merfolk impaler
  3865 | D        | Noticed a merfolk avatar
  4103 | D        | Killed a merfolk avatar
  4104 | D        | Reached skill level 25 in Stealth
  4110 | D        | Killed a merfolk impaler
  4111 | D        | Reached skill level 5 in Fighting
  4111 | D        | Reached skill level 1 in Air Magic
  4111 | D        | Reached skill level 1 in Poison Magic
  4334 | D        | Noticed a radroach
  4337 | D        | Noticed a jorogumo
  4458 | D        | Killed a radroach
  4459 | D        | Reached skill level 15 in Invocations
  4459 | D        | Reached XP level 13. HP: 63/63 MP: 31/33
  4489 | D        | HP: 3/63 [poisoned by a redback]
  4752 | D        | Noticed a broodmother
  4765 | D        | Killed a broodmother
  4850 | D        | Reached skill level 26 in Stealth
  5312 | D        | Learned a level 1 spell: Freeze
  5317 | D        | Learned a level 4 spell: Hailstorm
  5884 | D        | Noticed a bunyip
  5885 | D        | Noticed an eleionoma
  5896 | D        | Killed an eleionoma
  5975 | D        | Killed a bunyip
  6355 | D        | Reached skill level 27 in Stealth
  6470 | D        | Noticed Saint Roka
  6927 | D        | Killed Saint Roka
  7221 | D        | Noticed a fire giant
  7221 | D        | Noticed a red very ugly thing
  7221 | D        | Noticed a stone giant
  7224 | D        | Noticed a fire dragon
  7225 | D        | Killed a fire giant
  7227 | D        | Killed a red very ugly thing
  7229 | D        | Noticed an ettin
  7232 | D        | Killed a stone giant
  7233 | D        | Noticed a fire giant
  7237 | D        | Noticed a vampire knight
  7238 | D        | Killed a fire dragon
  7239 | D        | Reached XP level 14. HP: 70/70 MP: 35/37
  7242 | D        | Noticed a purple very ugly thing
  7245 | D        | Reached skill level 10 in Ice Magic
  7815 | D        | Killed a fire giant
  7986 | D        | Killed a vampire knight
  8176 | D        | Killed a purple very ugly thing
  8243 | D        | Noticed a vampire knight
  8298 | D        | Killed a vampire knight
  8470 | D        | Noticed an ironbound preserver
  8472 | D        | Killed an ironbound preserver
  8479 | D        | Noticed a vault warden
  8513 | D        | Killed a vault warden
  8745 | D        | Noticed an ironbound preserver
  8753 | D        | Killed an ironbound preserver
  8762 | D        | Noticed an ironbound preserver
  8774 | D        | Mangled by an ironbound convoker

Illustrated notes

Levels and vault maps discovered:
D:        linesprint [early_d, line_temple, items_1, d_10, items_2, lair_1,
          lair_end, items_3, orc_1, orc_end, items_4, d_15, swamp_1, shoals_1,
          snake_1, spider_1, d_20, vaults_1, items_5, swamp_end, shoals_end,
          snake_end, spider_end, vaults_end, d_27, items_6, zot_1, zot_end,
          crypt_end, forest_end, elf_end, slime_end, tomb_end, abyss_end,
          pan_hell_end]

Skill      XL: |  1  2  3  4  5  6  7  8  9 10 11 12 13 14 |
---------------+-------------------------------------------+-----
Hexes          | 5 6 8 9 10 11 12 14 15 16 18 20 | 20.1
Stealth        | 6 8 9 11 12 13 15 16 19 22 25 27 | 27.0
Dodging        | 3 4 5 6 7 9 10 11 12 | 12.9
Spellcasting   | 3 4 6 7 8 10 11 13 15 18 20 | 20.7
Short Blades   | 2 3 5 6 7 8 9 10 11 12 13 14 | 14.3
Fighting       | 1 2 3 4 5 6 7 |  7.1
Invocations    | 4 5 6 7 9 11 13 15 17 18 | 18.4
Ice Magic      | 1 2 3 4 6 7 9 10 | 10.8
Evocations     | 2 5 |  5.3
Conjurations   | 1 2 3 |  3.8
Translocations | 1 2 |  2.6
Air Magic      | 1 |  1.5
Poison Magic   | 1 2 |  2.0
Throwing       | |  0.8

Action                   |  1- 3 |  4- 6 |  7- 9 | 10-12 | 13-15 || total
-------------------------+-------+-------+-------+-------+-------++-------
Melee: Dagger            |    30 |     4 |       |       |       ||    34
       Rapier            |       |     3 |    25 |   190 |   187 ||   405
       Punch             |       |       |       |     5 |     1 ||     6
Throw: Dart              |       |       |       |     3 |     1 ||     4
 Cast: Confusing Touch   |       |     1 |     4 |    12 |    15 ||    32
       Ensorcelled Hiber |       |     5 |    12 |    72 |    58 ||   147
       Dazzling Flash    |       |       |     3 |    11 |    13 ||    27
       Blink             |       |       |       |     2 |     2 ||     4
       Gell's Gravitas   |       |       |       |     1 |       ||     1
       Mephitic Cloud    |       |       |       |     6 |     1 ||     7
       Hailstorm         |       |       |       |       |     6 ||     6
       Freeze            |       |       |       |       |     5 ||     5
       Tukima's Dance    |       |       |       |       |     3 ||     3
Invok: Shadow Step       |       |       |       |       |     2 ||     2
Evoke: Wand              |       |       |     9 |       |       ||     9
  Use: Potion            |     2 |     3 |     1 |     2 |    10 ||    18
 Stab: Sleeping          |     1 |     3 |     6 |    69 |    35 ||   114
       Invisible         |       |     1 |       |     2 |     5 ||     8
       Confused          |       |       |     4 |    15 |    17 ||    36
       Distracted        |       |       |       |     1 |     3 ||     4
Armor: Robe              |     2 |       |     1 |     6 |     3 ||    12
Dodge: Dodged            |    19 |     7 |    37 |   107 |   101 ||   271

Table legend: (Time is in decaauts)
 A = Elapsed time spent in this place.
 B = Non-inter-level travel time spent in this place.
 C = Inter-level travel time spent in this place.
 D = Time resting spent in this place.
 E = Time spent auto-exploring this place.
 F = Levels seen in this place.
 G = Mean time per level.
                   A        B        C        D        E       F      G
               +--------+--------+--------+--------+--------+-----+--------+
         Total |   7541 |   7541 |      0 |   4175 |   1661 |   1 | 7541.0 |
       Dungeon |   7541 |   7541 |      0 |   4175 |   1661 |   1 | 7541.0 |
               +--------+--------+--------+--------+--------+-----+--------+

Top non-repeatable levels by time:
       D: 7541 daAuts
